 Dungeon Crawl Stone Soup version 0.32-a0-699-g1ee5eff69a (webtiles) character file.

Game seed: 10375516738918216328

171 BeKind the Chiller (level 5, -4/27 HPs)
             Began as an Octopode Ice Elementalist on Mar 13, 2024.
             Was a Follower of Hepliaklqana.
             Succumbed to a scorpion's poison
             ... on level 4 of the Dungeon.
             The game lasted 00:02:30 (1971 turns).

BeKind the Chiller (Octopode Ice Elementalist)      Turns: 1971, Time: 00:02:31

Health: -4/27      AC:  1    Str:  8    XL:     5   Next: 51%
Magic:  4/9        EV: 12    Int: 19    God:    Hepliaklqana [*.....]
Gold:   51         SH:  0    Dex: 12    Spells: 3/10 levels left

rFire   . . .        (no weapon)
rCold   . . .        (no shield)
rNeg    . . .        (helmet restricted)
rPois   .            (no amulet)
rElec   .            (no ring)
rCorr   .            (no ring)
SInv    .            (no ring)
Will    .....        (no ring)
Stlth   +++          (no ring)
HPRegen 0.24/turn    (no ring)
MPRegen 0.11/turn    (no ring)
                     (no ring)

%: no passive effects
@: lethally poisoned (-4 -> -27), hasted, very quick
A: reduced essence, almost no armour, amphibious, 8 rings, camouflage 1,
gelatinous body 1, (nimble swimmer 1), tentacles
a: Renounce Religion, Recall Ancestor, Ancestor Identity


You were on level 4 of the Dungeon.
You worshipped Hepliaklqana.
Hepliaklqana was aware of your devotion.
You visited 1 branch of the dungeon, and saw 4 of its levels.

You collected 51 gold pieces.

Inventory:

Wands
 k - a wand of flame (12)
Scrolls
 b - a scroll of blinking {unknown}
 f - a scroll of amnesia {unknown}
 h - a scroll of identify {unknown}
 i - a scroll of brand weapon {unknown}
 j - a scroll of noise {unknown}
Potions
 a - a potion of magic
 c - a potion of haste
 d - a potion of attraction {unknown}
 e - a potion of degeneration {unknown}
 g - a potion of heal wounds {unknown}


   Skills:
 + Level 3.2 Dodging
 - Level 2.6 Stealth
 + Level 3.0 Spellcasting
 * Level 0.2 Summonings
 + Level 5.4 Ice Magic


You had 3 spell levels left.
You knew the following spells:

 Your Spells              Type           Power      Damage    Failure   Level
a - Freeze                Ice            92%        1d9       1%          1
b - Frozen Ramparts       Ice            46%        1d7       4%          3
c - Summon Ice Beast      Ice/Summ       13%        N/A       14%         3

Your spell library contained the following spells:

 Spells                   Type           Power      Damage    Failure   Level
 Ozocubu's Armour         Ice            23%        N/A       4%          3
 Ensorcelled Hibernation  Hex/Ice        26%        N/A       8%          2
 Fugue of the Fallen      Necr           2%         N/A       41%         3
 Anguish                  Hex/Necr       1%         N/A       83%         4


Dungeon Overview and Level Annotations

Branches:
Dungeon (4/15)
 Temple: D:4-7

Altars:
Ashenzari
Hepliaklqana
Vehumet


Innate Abilities, Weirdness & Mutations

Your life essence is reduced to manifest your ancestor. (-10% HP)
You cannot wear most types of armour.
You are amphibious.
You can wear up to eight rings at the same time.
Your skin changes colour to match your surroundings (Stealth+).
Your rubbery body absorbs attacks. (AC +1, EV +1)
((You are camouflaged when in or above water. (Stealth+)))
You have tentacles for arms and can constrict up to eight enemies at once.


Message History

There is a stone staircase leading up here.
Found 7 stones.
An adder comes into view.
You see here 5 gold pieces.
An adder is nearby!
An adder is nearby!
An adder is nearby!
You can't see any susceptible monsters within range! (Use Z to cast anyway.)
Found a leather armour. 2 gnolls and a scorpion come into view.
The gnoll shouts! x2
The adder bites you. x2
A gnoll comes into view. It is wielding a +0 whip.
You freeze the adder!
The adder is almost dead.
The gnoll shouts!
The adder bites you.
You freeze the adder.
You kill the adder!
Casting: Freeze (safe; 1% risk of failure)
Confirm with . or Enter, or press ? or * to list all spells.
Casting: Frozen Ramparts (quite dangerous; 4% risk of failure)
Press: ? - help, Dir - look around, f - activate The walls around you are covered in ice.
The wall freezes the scorpion.
The scorpion stings you.
You are poisoned.
The scorpion poisons you!
The wall freezes the gnoll!
The gnoll hits you from afar with a +0 spear!
You are too injured to fight recklessly!
The frozen ramparts melt away as you move.
You feel very sick. The scorpion attacks as it pursues you!
The scorpion stings you!
* * * LOW HITPOINT WARNING * * *
The scorpion stings you.
* * * LOW HITPOINT WARNING * * *
You are more poisoned.
The scorpion poisons you!
Qiopt barely misses the scorpion.
It was a potion of haste.
You feel yourself speed up.
You die...
Hepliaklqana delivers you to your ancestors.

#...# #...# # ##
###...#.# #.
.....#.#
#.####.......
#.........#.#
#..#......#.#
#####..#@..$..#.#
.......s.#......#
#####.g#R#..#...#
[.(gg..#......#
#.###.##.#....#.#
# .. #.#....<.# .#
..#
#.#......#####..#
...
............)#..##
.##.
#.#.########.#....


You could see the friendly Qiopt the ancestor, a scorpion (ally target) and 3
gnolls.

Vanquished Creatures
  An ogre (D:3)
  Jessica (D:2)
  2 adders
  A dart slug (D:3)
  A ribbon worm (D:2)
  An orc (D:3)
  4 bats
  3 endoplasms
  2 giant cockroaches
  3 goblins (D:2)
  A hobgoblin (D:1)
  7 jackals
  A kobold (D:2)
  A quokka (D:3)
  4 ball pythons
  A frilled lizard (D:3)
  3 rats
37 creatures vanquished.

Vanquished Creatures (collateral kills)
  A ribbon worm (D:3)
  A kobold (D:3)
2 creatures vanquished.

Vanquished Creatures (others)
  A jackal (D:3)
1 creature vanquished.

Grand Total: 40 creatures vanquished

Notes
Turn   | Place    | Note
-------+----------+-------------------------------------------
     0 | D:1      | BeKind the Octopode Ice Elementalist began the quest for
                  | the Orb.
     0 | D:1      | Reached XP level 1. HP: 11/11 MP: 3/3
   132 | D:1      | You fall into a shaft and drop 1 floor!
   172 | D:2      | Reached XP level 2. HP: 17/17 MP: 3/5
   345 | D:2      | Noticed Jessica
   350 | D:2      | Killed Jessica
   351 | D:2      | Reached XP level 3. HP: 21/21 MP: 6/6
   566 | D:2      | Learned a level 3 spell: Frozen Ramparts
   582 | D:2      | Found a hazy altar of Hepliaklqana.
   601 | D:2      | Became a worshipper of Hepliaklqana the Forgotten
   922 | D:3      | Reached XP level 4. HP: 27/27 MP: 4/7
  1129 | D:3      | Noticed an ogre
  1135 | D:3      | Killed an ogre
  1136 | D:3      | Reached skill level 5 in Ice Magic
  1136 | D:3      | Reached XP level 5. HP: 31/31 MP: 1/9
  1140 | D:3      | Learned a level 3 spell: Summon Ice Beast
  1283 | D:3      | Reached * piety under Hepliaklqana
  1501 | D:3      | Found a radiant altar of Vehumet.
  1653 | D:3      | Found a broken altar of Ashenzari.
  1971 | D:4      | Succumbed to a scorpion's poison

Illustrated notes

Levels and vault maps discovered:
D:1:      dpeg_arrival_court, layout_basic
D:2:      layout_basic, basic_altar, uniq_jessica
D:3:      layout_basic, mainiacjoe_overflow_alcove_4, vehumet_altar_wand_db
D:4:      layout_basic, serial_shops, shop

Skill      XL: |  1  2  3  4  5 |
---------------+----------------+-----
Dodging        | 3 |  3.2
Ice Magic      | 5 |  5.4
Spellcasting   | 3 |  3.0
Stealth        | |  2.6
Summonings     | |  0.2

Action                     |  1- 3 |  4- 6 || total
---------------------------+-------+-------++-------
  Melee: Unarmed           |     7 |     7 ||    14
         Constrict         |     3 |     2 ||     5
         Tentacles         |     2 |     3 ||     5
   Cast: Freeze            |    30 |    13 ||    43
         Frozen Ramparts   |       |     3 ||     3
 Invoke: Recall Ancestor   |       |     1 ||     1
    Use: Potion            |       |     1 ||     1
 Armour: Skin              |     9 |    14 ||    23
  Dodge: Dodged            |    15 |    11 ||    26

Table legend: (Time is in decaauts)
 A = Elapsed time spent in this place.
 B = Non-inter-level travel time spent in this place.
 C = Inter-level travel time spent in this place.
 D = Time resting spent in this place.
 E = Time spent auto-exploring this place.
 F = Levels seen in this place.
 G = Mean time per level.
                   A        B        C        D        E       F      G
               +--------+--------+--------+--------+--------+-----+--------+
         Total |   1970 |   1922 |     48 |      0 |   1657 |   4 |  492.5 |
       Dungeon |   1970 |   1922 |     48 |      0 |   1657 |   4 |  492.5 |
               +--------+--------+--------+--------+--------+-----+--------+

Top non-repeatable levels by time:
     D:3: 1046 daAuts
     D:2: 755 daAuts
     D:1: 132 daAuts
     D:4: 35 daAuts
